 Dungeon Crawl Stone Soup version 0.29-a0-275-g389c0b56f3 (webtiles) character file.

Game seed: 18027738315994759446

183325 didgeridoom the Bludgeoner (level 17, -2/165 HPs)
             Began as a Minotaur Berserker on Mar 10, 2022.
             Was the Champion of Trog.
             Blown up by an orb spider (63 damage)
             ... with an orb of destruction
             ... led by a torpor snail
             ... on level 2 of the Spider Nest on Mar 11, 2022.
             The game lasted 03:19:20 (35394 turns).

didgeridoom the Bludgeoner (Minotaur Berserker)    Turns: 35394, Time: 03:19:21

Health: -2/165     AC: 30    Str: 34    XL:     17   Next: 37%
Magic:  14/14      EV: 22    Int:  2    God:    Trog [******]
Gold:   1751       SH:  0    Dex: 18    Spells: 16/16 levels left

rFire   . . .      SeeInvis .   B - +9 great mace (vorpal)
rCold   . . .      Faith    +   (shield currently unavailable)
rNeg    + + .      Spirit   .   Z - +2 plate armour {rPois}
rPois   +          Reflect  .   (helmet unavailable)
rElec   .          Harm     .   m - +1 cloak
rCorr   .          Rampage  .   J - +1 pair of gloves
Will    +....                   O - +1 pair of boots
Stlth   ..........              I - amulet "Witaq" {Faith rPois rN++ Regen+ Int-2}
HPRegen 1.17/turn               b - +4 ring of evasion
MPRegen 0.14/turn               p - ring "Xoyrch Xuyjygh" {rPois Str+6 Dex+6}

@: on berserk cooldown, slowed, very slow
A: horns 3, retaliatory headbutt, iridescent scales 1, low MP 1, MP-powered
wands
}: 1/15 runes: decaying
a: Renounce Religion, Berserk, Trog's Hand, Brothers in Arms


You were on level 2 of the Spider Nest.
You worshipped Trog.
Trog was exalted by your worship.
You visited 5 branches of the dungeon, and saw 29 of its levels.
You also visited: Sewer.

You collected 3717 gold pieces.
You spent 1966 gold pieces at shops.

Inventory:

Hand Weapons
 B - a +9 vorpal great mace (weapon)
 E - the +8 broad axe "Ymyh" {flame, rC+ Str+2 Dex+3 Stlth+}
   (Trog gifted it to you on level 4 of the Lair of Beasts)

   It burns those it strikes, dealing additional fire damage.
   Big, fiery blades are also staple armaments of hydra-hunters.
   Str:       It affects your strength (+2).
   Dex:       It affects your dexterity (+3).
   rC:        It protects you from cold.
   Stlth:     It makes you more stealthy.
 F - a +5 antimagic great mace
 Q - a +4 demon whip of venom
Missiles
 s - 706 stones (quivered)
Armour
 m - a +1 cloak (worn)
 J - a +1 pair of gloves (worn)
 O - a +1 pair of boots (worn)
 V - +1 fire dragon scales
 Z - a +2 plate armour of poison resistance (worn)
Jewellery
 a - a ring of protection from fire
 b - a +4 ring of evasion (left hand)
 h - an amulet of reflection
 p - the ring "Xoyrch Xuyjygh" (right hand) {rPois Str+6 Dex+6}
   (You bought it in a shop on level 2 of the Orcish Mines)

   [ring of strength]

   Str:       It affects your strength (+6).
   Dex:       It affects your dexterity (+6).
   rPois:     It protects you from poison.
 u - a ring of flight
 I - the amulet "Witaq" (around neck) {Faith rPois rN++ Regen+ Int-2}
   (You bought it in a shop on level 2 of the Orcish Mines)

   [amulet of faith]

   It allows you to gain divine favour quickly.
   Int:       It affects your intelligence (-2).
   rPois:     It protects you from poison.
   rN:        It greatly protects you from negative energy.
   Regen:     It increases your rate of health regeneration.
 S - a ring of resist corrosion
Wands
 j - a wand of iceblast (15)
 x - a wand of polymorph (12)
 A - a wand of acid (4)
 C - a wand of mindburst (22)
 D - a wand of flame (47)
 H - a wand of digging (35)
 L - a wand of paralysis (5)
Scrolls
 f - 4 scrolls of noise
 k - 6 scrolls of teleportation
 o - 13 scrolls of identify
 t - 2 scrolls of blinking
 y - 3 scrolls of vulnerability
 z - 5 scrolls of immolation
 G - 4 scrolls of fear
 R - 4 scrolls of fog
 T - 2 scrolls of magic mapping
Potions
 c - 5 potions of lignification
 d - 3 potions of degeneration
 e - 2 potions of haste
 g - 5 potions of flight
 i - 8 potions of curing
 l - a potion of ambrosia
 n - 3 potions of cancellation
 q - a potion of attraction
 r - 5 potions of resistance
 v - 4 potions of berserk rage
 w - 7 potions of brilliance
 K - 7 potions of mutation
 P - 3 potions of might
 W - 6 potions of heal wounds
 Y - a potion of invisibility


   Skills:
 + Level 18.2 Fighting
 - Level 13.4(17.6) Axes
 - Level 18.3(20.0) Maces & Flails
 + Level 18.1 Armour
 + Level 16.7 Dodging


You had 16 spell levels left.
You didn't know any spells.
Your spell library was empty.

Dungeon Overview and Level Annotations

Branches:
Dungeon (15/15)            Temple (0/1) D:6            Lair (6/6) D:9
  Swamp (4/4) Lair:4       Spider (2/4) Lair:3        Slime (0/5) Lair:6
    Orc (2/2) D:10            Elf (0/3) Orc:2        Vaults (0/5) D:13
 Depths (0/4) D:15          Sewer (visited)

Altars:
Hepliaklqana
Wu Jian
The Shining One
Beogh
Jiyva

Shops:
D:1 *   D:2 (   Orc:2 (**=!*:[=


Innate Abilities, Weirdness & Mutations

You have a pair of large horns on your head.
You reflexively headbutt those who attack you in melee.
You are partially covered in iridescent scales. (AC +2)
Your magical capacity is low. (-10% MP)
You expend magic power (3 MP) to strengthen your wands.


Message History

The jumping spider closely misses you. The culicivora bites you!
The culicivora draws strength from your injuries!
The culicivora bites you! The jumping spider misses you.
You furiously retaliate!
You headbutt the jumping spider!
You feel the power of Trog in you as your rage grows.
You kill the jumping spider!
Trog accepts your kill.
You bludgeon the culicivora!!
You kill the culicivora!
Trog accepts your kill. The culicivora misses you. You furiously retaliate!
You headbutt the culicivora!
You kill the culicivora!
Trog accepts your kill.
The moth of wrath completely misses you.
The orb spider pulsates with a strange energy.
You see here a wolf spider corpse.
You bludgeon the moth of wrath!! Your headbutt misses the moth of wrath.
The moth of wrath is heavily wounded.
The moth of wrath barely misses you.
You closely miss the moth of wrath. You headbutt the moth of wrath!
The moth of wrath is almost dead.
You closely miss the moth of wrath.
The moth of wrath is almost dead.
The moth of wrath bites you.
The orb spider weaves a glowing orb of energy.
An orb of destruction comes into view.
You beat the moth of wrath like a drum!!!
You kill the moth of wrath!
Trog accepts your kill.
You feel a strong urge to attack something.
The orb spider spins a strand of pure energy.
You are no longer berserk.
You are exhausted.
You feel yourself slow down. The orb of destruction hits you!!
The orb spider weaves a glowing orb of energy.
An orb of destruction comes into view.
The orb of destruction hits you!!!
You die...

#.........#####.....###.#^.......
....##......#.#..^......††#......
########^...............†.#......
###.....####...##.##.###..
##.....# #...########..# ###..##
##^## #### ########## ##
###....## ### #. #.@.....####.##
#. ###○........#..^####.
#^.○#..........###...
#.○######^.#....#...† ##.°.#
#####...#.... ###..○.# ##.......
#....s## ##...#^. ##.....##.#
##..#.. ###.††°..# #..####


There were no monsters in sight!

Vanquished Creatures
  the Lernaean hydra (Swamp:4)
  A tentacled monstrosity (Swamp:4)
  Rupert (Lair:5)
  The ghost of taxman66 the Warrior, an adept DrFE of the Shining One (Swamp:4)
  3 thorn hunters (Swamp:4)
  Donald (Swamp:3)
  Louise (Swamp:3)
  An orc warlord (Orc:1)
  A ghost moth (Spider:2)
  A broodmother (Spider:1)
  2 dire elephants (Swamp:1)
  6 eleionomae
  An entropy weaver (Spider:2)
  A spark wasp (Spider:1)
  7 bunyips
  An ettin (D:15)
  20 hydras
  2 boulder beetles
  2 radroaches
  A ghost crab (Swamp:1)
  5 centaur warriors
  4 two-headed ogres
  4 catoblepae
  A death knight (D:15)
  2 tengu warriors (D:15)
  4 alligators
  A death yak (Lair:4)
  Amaemon (D:11)
  Nergalle (D:10)
  4 orc high priests (Orc:2)
  A deep elf knight (Swamp:1)
  2 pharaoh ants
  A sun moth (Spider:2)
  3 goliath frogs
  2 steelbarb worms (Spider:1)
  2 orb spiders
  3 spriggan druids
  5 skeletal warriors
  A deep troll (D:15)
  14 swamp dragons
  8 orc knights
  Pikel (D:8)
  A deep elf archer (Swamp:1)
  2 necromancers (D:15)
  A wizard (D:14)
  A deep elf pyromancer (D:13)
  A phantasmal warrior (D:15)
  8 wolf spiders
  3 cyclopes
  4 ugly things
  3 orc sorcerers
  3 manticores
  A moth of wrath (Spider:2)
  4 black mambas
  8 elephants
  A guardian serpent (shapeshifter) (D:13)
  2 gargoyles
  2 torpor snails
  5 orange demons
  2 unseen horrors
  28 cane toads
  2 kobold demonologists
  2 demonic crawlers
  A freezing wraith (D:15)
  9 komodo dragons
  2 efreet
  5 rime drakes
  3 red devils (D:14)
  2 tengu conjurers (D:15)
  A troll (shapeshifter) (D:14)
  8 trolls
  A polar bear (Lair:2)
  12 hornets
  A bloated husk (Swamp:2)
  18 tyrant leeches
  8 slime creatures (D:12)
  5 tarantellas
  Prince Ribbit (D:8)
  9 dream sheep
  19 blink frogs
  6 jumping spiders
  18 culicivoras
  10 spriggans
  6 wraiths
  6 wyverns
  69 yaks
  3 vampires
  A basilisk (shapeshifter) (D:14)
  3 basilisks
  16 humans (D:13)
  23 vampire mosquitoes
  12 redbacks
  2 wargs (Orc:2)
  A steam dragon (D:9)
  16 swamp worms
  Edmund (D:4)
  2 acid dragons
  19 water moccasins
  A hell hound (Swamp:1)
  11 swamp drakes
  2 black bears
  27 orc warriors
  6 ogres
  26 wolves
  6 centaurs
  2 lemures (D:8)
  3 kobold brigands
  A phantom (D:5)
  28 bullfrogs
  Blork the orc (D:4)
  A necrophage (D:5)
  10 wights (D:8)
  6 killer bees (D:9)
  6 electric eels
  A howler monkey (D:10)
  5 hounds
  2 jellies
  8 orc priests
  A gnoll shaman (D:4)
  An iguana (D:5)
  15 orc wizards
  Robin (D:4)
  4 adders
  9 gnolls
  A shadow imp (D:7)
  A white imp (D:8)
  An ufetubus (D:7)
  4 worms
  A dart slug (D:1)
  63 orcs
  7 ball pythons
  5 bats
  3 endoplasms
  5 giant cockroaches
  10 goblins
  4 hobgoblins
  20 kobolds
  4 quokkas
  A frilled lizard (D:2)
  6 rats
  A bush (Lair:6)
849 creatures vanquished.

Vanquished Creatures (collateral kills)
  A hound (D:6)
1 creature vanquished.

Vanquished Creatures (others)
  A swamp dragon (Swamp:2)
  A swamp drake (Swamp:1)
  A kobold (D:7)
  43 fungi
  132 plants
178 creatures vanquished.

Grand Total: 1028 creatures vanquished

Notes
Turn   | Place    | Note
-------+----------+-------------------------------------------
     0 | D:1      | didgeridoom the Minotaur Berserker began the quest for the
                  | Orb.
     0 | D:1      | Reached XP level 1. HP: 19/19 MP: 0/0
   635 | D:1      | Reached XP level 2. HP: 27/27 MP: 1/1
   716 | D:1      | Found a faded altar of an unknown god.
   949 | D:1      | Found Teylueqo's General Store.
  1123 | D:2      | Found Ituxaehi's Weapon Shop.
  1131 | D:2      | Bought a +0 war axe for 42 gold pieces
  1249 | D:2      | Found an ornate altar of the Wu Jian Council.
  1473 | D:2      | Reached XP level 3. HP: 33/33 MP: 2/2
  2991 | D:3      | Reached XP level 4. HP: 40/40 MP: 3/3
  3211 | D:3      | Reached ** piety under Trog
  3293 | D:4      | Noticed Robin
  3314 | D:4      | Killed Robin
  3463 | D:4      | Found a glowing drain.
  3476 | Sewer    | Entered a sewer
  3502 | Sewer    | Noticed a water moccasin
  3508 | Sewer    | Killed a water moccasin
  3509 | Sewer    | Reached skill level 5 in Axes
  3509 | Sewer    | Reached XP level 5. HP: 47/47 MP: 4/4
  3694 | D:4      | Reached XP level 6. HP: 55/55 MP: 5/5
  3761 | D:4      | Reached skill level 5 in Fighting
  3847 | D:4      | Noticed Edmund
  3851 | D:4      | Killed Edmund
  3918 | D:4      | Reached skill level 1 in Maces & Flails
  4179 | D:4      | Noticed Blork the orc
  4187 | D:4      | Killed Blork the orc
  4187 | D:4      | Reached *** piety under Trog
  4188 | D:4      | Reached XP level 7. HP: 61/61 MP: 6/6
  4578 | D:5      | Entered Level 5 of the Dungeon
  4645 | D:5      | Reached skill level 5 in Armour
  5304 | D:5      | Reached skill level 5 in Dodging
  5446 | D:5      | Reached XP level 8. HP: 70/70 MP: 7/7
  5955 | D:6      | Reached skill level 5 in Maces & Flails
  6176 | D:6      | Found a staircase to the Ecumenical Temple.
  6301 | D:6      | Identified the +10 short sword of Lenunuwk {vorpal, rC+
                  | Stlth+}
  7980 | D:8      | You are sucked into a shaft and drop 3 floors!
  7981 | D:11     | Noticed a cyclops
  8008 | D:11     | Killed a cyclops
  8009 | D:11     | Reached XP level 9. HP: 57/79 MP: 8/8
  8123 | D:11     | Gained mutation: You are partially covered in iridescent
                  | scales. (AC +2) [potion of mutation]
  8123 | D:11     | Gained mutation: Your spells are a little harder to cast,
                  | but a little more powerful. [potion of mutation]
  8123 | D:11     | Gained mutation: Your magical capacity is low. (-10% MP)
                  | [potion of mutation]
  8123 | D:11     | Gained mutation: You are mostly covered in iridescent
                  | scales. (AC +4) [potion of mutation]
  8162 | D:11     | Reached **** piety under Trog
  8217 | D:11     | Noticed Amaemon
  8223 | D:11     | Noticed an orange demon
  8225 | D:11     | Noticed a two-headed ogre
  8227 | D:11     | Noticed a gargoyle
  8365 | D:10     | Entered Level 10 of the Dungeon
  8431 | D:9      | Noticed a troll
  8444 | D:9      | Killed a troll
  8464 | D:8      | Paralysed by a hornet for 1 turns
  8579 | D:8      | Noticed Prince Ribbit
  8595 | D:8      | Killed Prince Ribbit
  8672 | D:8      | Reached XP level 10. HP: 90/90 MP: 8/8
  8787 | D:8      | Noticed Pikel
  8791 | D:8      | Killed Pikel
  8792 | D:8      | Reached skill level 10 in Maces & Flails
  9080 | D:8      | Noticed a two-headed ogre
  9095 | D:8      | Killed a two-headed ogre
 10137 | D:9      | Found a staircase to the Lair.
 10668 | D:9      | Reached XP level 11. HP: 99/99 MP: 8/8
 11526 | D:10     | Noticed Nergalle
 11531 | D:10     | Killed Nergalle
 11532 | D:10     | Reached skill level 10 in Fighting
 11603 | D:10     | Found a glowing golden altar of the Shining One.
 12135 | D:10     | Found a staircase to the Orcish Mines.
 12236 | D:10     | Reached ***** piety under Trog
 12315 | D:10     | Reached skill level 10 in Armour
 12917 | D:11     | Noticed a seven-headed hydra
 12952 | D:11     | Killed Amaemon
 13360 | D:11     | Noticed a two-headed ogre
 13371 | D:11     | Killed a two-headed ogre
 13831 | D:11     | Killed a two-headed ogre
 14374 | Lair:1   | Entered Level 1 of the Lair of Beasts
 14421 | Lair:1   | Reached skill level 10 in Dodging
 14431 | Lair:1   | Reached XP level 12. HP: 74/110 MP: 9/9
 15779 | Lair:2   | Noticed an eight-headed hydra
 15787 | Lair:2   | Killed an eight-headed hydra
 16036 | Lair:2   | Identified a scroll of acquirement
 16036 | Lair:2   | Acquired 360 gold pieces
 16192 | Lair:2   | Reached skill level 15 in Maces & Flails
 16855 | Lair:3   | Identified the +1 leather armour "Raroa" {+Inv Will+ Int+3
                  | Dex+4}
 17009 | Lair:3   | Noticed an eight-headed hydra
 17017 | Lair:3   | Killed an eight-headed hydra
 17282 | Lair:3   | Found a hole to the Spider Nest.
 17599 | Lair:4   | Reached XP level 13. HP: 119/119 MP: 10/10
 17606 | Lair:4   | Identified the +8 broad axe "Ymyh" {flame, rC+ Str+2 Dex+3
                  | Stlth+} (Trog gifted it to you on level 4 of the Lair of
                  | Beasts)
 17606 | Lair:4   | Received a gift from Trog
 18812 | Lair:4   | Found a staircase to the Swamp.
 19198 | Lair:4   | Identified the +3 hand crossbow of Blood-Lust {speed,
                  | Int+3}
 19722 | Lair:5   | Noticed Rupert
 19726 | Lair:5   | Paralysed by Rupert for 5 turns
 19744 | Lair:5   | Killed Rupert
 20127 | Lair:5   | Reached skill level 10 in Axes
 20424 | Lair:6   | Entered Level 6 of the Lair of Beasts
 20654 | Lair:6   | Found a viscous altar of Jiyva.
 20655 | Lair:6   | Found a staircase to the Slime Pits.
 20691 | Lair:6   | Reached XP level 14. HP: 125/130 MP: 11/11
 20924 | Lair:6   | Reached ****** piety under Trog
 21844 | Lair:6   | Identified the +4 longbow of Kungi Neisma {freeze, SInv}
 23493 | Orc:1    | Entered Level 1 of the Orcish Mines
 24071 | Orc:2    | Entered Level 2 of the Orcish Mines
 24071 | Orc:2    | Found a staircase to the Elven Halls.
 24088 | Orc:2    | Received a gift from Trog
 24118 | Orc:2    | Noticed an orc warlord
 25221 | Orc:1    | Killed an orc warlord
 25598 | Orc:2    | Found Fuciuloy's Distillery.
 25685 | Orc:2    | Found Xeaho's Book Shop.
 25696 | Orc:2    | Found Mevvolol's Jewellery Shop.
 25752 | Orc:2    | Found Howo's Jewellery Boutique.
 25758 | Orc:2    | Found Kucwukea's Antique Armour Shoppe.
 25805 | Orc:2    | Found Teasimpa's General Store.
 25834 | Orc:2    | Found Casyoluo's Antique Weapon Emporium.
 25876 | Orc:2    | Found Usosupim's General Store.
 26091 | Orc:2    | Found Songif's Assorted Antiques.
 26222 | Orc:2    | Bought the ring "Xoyrch Xuyjygh" {rPois Str+6 Dex+6} for
                  | 1234 gold pieces
 26252 | Orc:2    | Bought the amulet "Witaq" {Faith rPois rN++ Regen+ Int-2}
                  | for 690 gold pieces
 26360 | D:13     | Found a gate to the Vaults.
 26375 | D:13     | Reached XP level 15. HP: 139/139 MP: 4/12
 26403 | D:13     | Reached skill level 15 in Fighting
 26900 | D:13     | Received a gift from Trog
 27269 | D:14     | Reached skill level 15 in Armour
 27493 | D:14     | Acquired 618 gold pieces
 28382 | D:15     | Entered Level 15 of the Dungeon
 28500 | D:15     | Found a staircase to the Depths.
 28623 | D:15     | Found a faded altar of an unknown god.
 28623 | D:15     | Found a faded altar of an unknown god.
 28623 | D:15     | Found a hazy altar of Hepliaklqana.
 28625 | D:15     | Found a faded altar of an unknown god.
 29084 | D:15     | Found an ornate altar of the Wu Jian Council.
 29208 | D:15     | Identified the +3 glaive "Neamuomi" {flame, rPois Int+2}
 29298 | D:15     | Received a gift from Trog
 29809 | Swamp:1  | Entered Level 1 of the Swamp
 30455 | Swamp:1  | Reached XP level 16. HP: 141/151 MP: 4/13
 31490 | Swamp:3  | Noticed Louise
 31513 | Swamp:3  | Killed Louise
 31769 | Swamp:3  | Received a gift from Trog
 31770 | Swamp:3  | Reached skill level 15 in Dodging
 31956 | Swamp:3  | Noticed Donald
 31964 | Swamp:3  | Killed Donald
 32229 | Swamp:4  | Entered Level 4 of the Swamp
 32232 | Swamp:4  | Noticed a thorn hunter
 32239 | Swamp:4  | Killed a thorn hunter
 32385 | Swamp:4  | Found a runed translucent door.
 32388 | Swamp:4  | Identified the +3 spear "Wuunuas" {holy, Dex+3}
 32388 | Swamp:4  | Noticed taxman66's ghost (adept DrFE)
 32388 | Swamp:4  | Noticed a thorn hunter
 32728 | Swamp:4  | Noticed a thorn hunter
 32742 | Swamp:4  | Killed a thorn hunter
 32941 | Swamp:4  | Noticed the 27-headed Lernaean hydra
 32949 | Swamp:4  | Killed the 27-headed Lernaean hydra
 33290 | Swamp:4  | Got a decaying rune of Zot
 33557 | Swamp:4  | Noticed a tentacled monstrosity
 33566 | Swamp:4  | Killed a tentacled monstrosity
 33617 | Swamp:4  | Killed a thorn hunter
 33628 | Swamp:4  | Killed taxman66's ghost
 33632 | Swamp:4  | Reached XP level 17. HP: 162/162 MP: 14/14
 33636 | Swamp:4  | Received a gift from Trog
 33871 | Spider:1 | Entered Level 1 of the Spider Nest
 34946 | Spider:1 | Lost mutation: You are mostly covered in iridescent scales.
                  | (AC +4) [potion of mutation]
 34946 | Spider:1 | Lost mutation: Your spells are a little harder to cast, but
                  | a little more powerful. [potion of mutation]
 34946 | Spider:1 | Gained mutation: You have a pair of large horns on your
                  | head. [potion of mutation]
 34946 | Spider:1 | Gained mutation: You expend magic power (3 MP) to
                  | strengthen your wands. [potion of mutation]
 35394 | Spider:2 | Blown up by an orb spider

Illustrated notes

Levels and vault maps discovered:
D:1:      psy_arrival_radial02, layout_basic,
          ebering_ecumenical_altar_abandoned, serial_shops,
          nicolae_shop_advertising_works [nicolae_subvault_shop_adworks],
          kennysheep_pointless_box, hangedman_decor_peaks_small,
          minmay_hedge_maze, minmay_misc_feat_x
D:2:      layout_basic, basic_altar, serial_shops, shop, st_stairs_4
D:3:      layout_basic
D:4:      layout_basic, cheibrodos_sewer_entry_drain, uniq_robin, uniq_edmund,
          uniq_blork_the_orc
D:5:      layout_basic
D:6:      layout_rooms, minmay_temple_entry_ruins
D:7:      nicolae_cairo_tiling, layout_layer_cave
D:8:      layout_rooms, uniq_prince_ribbit1, uniq_pikel
D:9:      layout_loops_ring, erik_lair_island
D:10:     layout_gridville, mainiacjoe_overflow_small_starburst, david_orc_5,
          nicolae_benzene_ring, uniq_nergalle
D:11:     layout_roguey, portal_ice_cave_rime, uniq_amaemon
D:12:     layout_loops_ring, kennysheep_nondescript, kennysheep_generic_room_14
D:13:     minmay_cornered_nines, layout_basic, david_vaults_3, minivault_24
D:14:     layout_layer_cave, minmay_beelzebubs_servants
D:15:     hangedman_depths_entry_civil_slaughter, layout_stronghold,
          nicolae_hepliaklqana_ecumenical_no_more, nrook_mini_vaults,
          nzn_wu_jian_contemplation
Lair:1:   layout_loops_ring, serial_bayou_shore_a, grunt_megastairs_4,
          infiniplex_staircase_pool
Lair:2:   layout_regular_city, grunt_megastairs_3
Lair:3:   layout_long_grid, hellmonk_spider_entry_life_and_decay,
          eino_small_chamber_without_monster, kennysheep_catoblepas_arena,
          infiniplex_staircase_pool_2
Lair:4:   layout_layer_cave, minmay_swamp_entry_worms, st_stairs_13,
          nicolae_lair_grove_arrangements, serial_bayou_shore_b,
          grunt_megastairs_1
Lair:5:   layout_long_grid, uniq_rupert
Lair:6:   minmay_lair_end_frog_pond, layout_cave_pods, slime_altar_1,
          hangedman_lair_unloving_vines, serial_bayou_pond_a
Swamp:1:  layout_basic_swamp, serial_swamp_ruin, evilmike_swamp_ruin_house_4,
          evilmike_swamp_ruin_house_3, evilmike_swamp_ruin_rubble_1,
          beargit_elvish_explorers
Swamp:2:  layout_falls_marsh, nicolae_swamp_feature_on_the_river_bank,
          swamp_pool5
Swamp:3:  layout_falls_marsh, evilmike_swamp_ruin_house_5, uniq_donald,
          uniq_louise
Swamp:4:  swamp_old_school, layout_basic_swamp, ebering_ghost_funeral_grove
Spider:1: layout_cave_pods
Spider:2: layout_spider_delve
Orc:1:    layout_caves
Orc:2:    grunt_orc_gardens, layout_caves, grunt_orc_garden, grunt_orc_garden,
          grunt_orc_garden, grunt_orc_garden, serial_shops, shop, shop,
          nicolae_shop_hallway_stairs, shop, shop

Skill      XL: |  1  2  3  4  5  6  7  8  9 10 11 12 13 14 15 16 17 |
---------------+----------------------------------------------------+-----
Fighting       | 4 5 6 7 8 9 11 12 13 14 16 17 18 | 18.2
Axes           | 4 5 6 10 13 | 13.4
Armour         | 3 4 5 6 8 9 10 12 13 14 15 17 18 | 18.1
Dodging        | 3 4 5 6 7 8 10 11 12 13 14 16 | 16.7
Maces & Flails | 1 4 7 9 11 13 15 17 18 | 18.3

Action                   |  1- 3 |  4- 6 |  7- 9 | 10-12 | 13-15 | 16-18 || total
-------------------------+-------+-------+-------+-------+-------+-------++-------
Melee: Hand axe          |    25 |       |       |       |       |       ||    25
       War axe           |    42 |    67 |       |       |       |       ||   109
       Headbutt          |     8 |     6 |    53 |   144 |   221 |    91 ||   523
       Flail             |       |    23 |   270 |   327 |       |       ||   620
       Punch             |       |       |     5 |     8 |    10 |       ||    23
       Demon whip        |       |       |       |   377 |     7 |       ||   384
       Broad axe         |       |       |       |       |   544 |       ||   544
       Great mace        |       |       |       |       |   371 |   480 ||   851
Throw: Stone             |       |       |       |       |       |     1 ||     1
Invok: Berserk           |     1 |     2 |     4 |     8 |    12 |     7 ||    34
Evoke: Wand              |       |       |       |     4 |       |     4 ||     8
       Piece from Xom's  |       |       |       |       |       |     1 ||     1
  Use: Scroll            |     9 |     3 |    14 |     7 |    12 |     6 ||    51
       Potion            |     1 |     1 |     2 |     3 |     4 |     3 ||    14
 Stab: Confused          |       |       |       |       |     2 |     1 ||     3
Armor: Ring mail         |    13 |     2 |       |       |       |       ||    15
       Scale mail        |       |    40 |    52 |    75 |       |       ||   167
       Chain mail        |       |       |   121 |       |       |       ||   121
       Plate armour      |       |       |       |   195 |   446 |   297 ||   938
Dodge: Dodged            |    44 |    50 |   123 |   415 |   824 |   576 ||  2032
Block: Other             |       |       |    34 |   110 |   102 |       ||   246
       Reflection        |       |       |     1 |     3 |     7 |       ||    11

Table legend: (Time is in decaauts)
 A = Elapsed time spent in this place.
 B = Non-inter-level travel time spent in this place.
 C = Inter-level travel time spent in this place.
 D = Time resting spent in this place.
 E = Time spent auto-exploring this place.
 F = Levels seen in this place.
 G = Mean time per level.
                   A        B        C        D        E       F      G
               +--------+--------+--------+--------+--------+-----+--------+
         Total |  35402 |  33846 |   1556 |   9731 |  16195 |  30 | 1180.1 |
       Dungeon |  18774 |  17906 |    868 |   5368 |   8475 |  15 | 1251.6 |
          Lair |   8144 |   7755 |    389 |   1871 |   4408 |   6 | 1357.3 |
         Swamp |   4083 |   3935 |    148 |    826 |   1728 |   4 | 1020.8 |
   Spider Nest |   1483 |   1441 |     42 |    211 |    847 |   2 |  741.5 |
  Orcish Mines |   2763 |   2655 |    108 |   1419 |    723 |   2 | 1381.5 |
         Sewer |    152 |    152 |      0 |     34 |     14 |   1 |  152.0 |
               +--------+--------+--------+--------+--------+-----+--------+

Top non-repeatable levels by time:
  Lair:4: 2294 daAuts
     D:9: 2094 daAuts
    D:10: 1944 daAuts
   Orc:1: 1895 daAuts
  Lair:6: 1665 daAuts
     D:7: 1665 daAuts
 Swamp:4: 1550 daAuts
    D:11: 1544 daAuts
    D:14: 1295 daAuts
    D:15: 1240 daAuts
     D:5: 1221 daAuts
     D:4: 1219 daAuts
  Lair:2: 1208 daAuts
     D:8: 1191 daAuts
     D:2: 1114 daAuts
